[Event "Swiss National League-A 2024"]
[Site "Luzern"]
[Date "2024.10.12"]
[Round "8.10"]
[White "Baenziger, Fabian"]
[Black "Petkidis, Anthony"]
[Result "1/2-1/2"]
[ECO "E55"]
[WhiteElo "2434"]
[BlackElo "2433"]
[Annotator "TA"]
[PlyCount "149"]
[EventDate "2023.10.03"]
[EventType "team-tourn"]
[EventCountry "SUI"]
[SourceTitle "playchess.com"]
[Source "ChessBase"]
[SourceQuality "1"]
[TimeControl "40/8400+30:20/3000+30:900+30"]

1. d4 Nf6 2. c4 e6 3. Nc3 Bb4 4. e3 {[%emt 0:00:18][%cal Be2e3,Be3d4][%mdl 32] EV=11.33} O-O 5. Bd3 c5 6. Nf3 d5 7. O-O cxd4 8. exd4 dxc4 9. Bxc4 b6 10. Qe2 Bb7 11. Rd1 {[%emt 0:00:54][%cal Bf1d1,Bd1d5,Bd5d7][%mdl 32] EV=12.28} Nbd7 12. d5 exd5 {[%emt 0:08:11] Tegenwoordig populairder dan 12...Bxc3. E55: Nimzo-Indisch: Rubinstein: Hoofdvariant: 7...dxc4 8 Lxc4 Pbd7.} 13. Nxd5 Re8 {[%emt 0:08:34] OK} 14. Qc2 {[%emt 0:00:28] OK} Nxd5 {[%emt 0:08:27] Onnauwkeurig} 15. Bxd5 Bxd5 16. Rxd5 Qe7 {[%emt 0:03:13][%cal Oe7e1] [#] ( -> ...Qe1+!). OK} 17. Bg5 {[%emt 0:00:57] OK} Qe6 {[%emt 0:03:09] Onnauwkeurig} 18. Rad1 {[%emt 0:05:41] OK} f6 $146 {[%emt 0:25:25] Fout (1.0)} (18... Nf6 $14 19. Re5 Qc8 20. Rxe8+ Qxe8) ({Predecessor:} 18... Nf8 19. Be3 Be7 20. Qa4 Bf6 21. b3 Qc8 22. h3 Qb7 23. Qg4 Rad8 24. Rxd8 Rxd8 25. Rxd8 Bxd8 {½-½ Gelfand,B (2678)-Keymer,V (2700) Sigeman & Co 28th 2023 (4)}) 19. Rxd7 $40 {[%emt 0:10:04][%mdl 128] Wit heeft een sterke aanval. OK} fxg5 {[%emt 0:00:24] [#] OK} 20. h4 $1 {[%emt 0:00:07] Wit heeft actievere stukken. Sterk} (20. Nxg5 $2 {wordt mat gezet.} Qe1+ 21. Rxe1 Rxe1#) 20... Be7 {[%emt 0:07:50] Onnauwkeurig} 21. hxg5 Bf8 {[%emt 0:05:22] Fout (0.6)} (21... a5 $16 22. a3 Bc5) 22. Qa4 a5 23. Re1 {[%emt 0:05:27] OK} Qf5 {[%emt 0:00:47] OK} 24. Qb3+ {[%emt 0:14:24] OK} Kh8 {[%emt 0:00:29] Beste} 25. Rxe8 {[%emt 0:00:18] OK} Rxe8 26. Rd5 {[%emt 0:00:11] OK} Qe6 {[%emt 0:03:13] pakt misschien beter uit. Fout (0.7)} (26... Qe4 $16 27. Rd4 Qe6 28. Qxe6 Rxe6) 27. Qd3 {[%emt 0:06:17] Onnauwkeurig} Rc8 {[%emt 0:05:15] Fout (0.9)} (27... Qe2 $16) {Beter is} 28. Qd2 {[%emt 0:01:47] Fout (1.1)} (28. Ne5 $18) 28... Kg8 {[%emt 0:01:11] OK} 29. b3 g6 30. Re5 Qc6 31. Qd3 Bb4 {[%emt 0:02:11] was nodig. Fout (1.2)} (31... Qd6 $16 32. Qf1 Qc6) 32. g3 $18 {[%emt 0:01:25] OK} Rf8 {[%emt 0:02:38][%cal Bc8f8,Bf8f3,Bf3c3,Bc3c5][%mdl 32] EV=19.12} 33. Nh2 {[%emt 0:04:48] OK} Bc5 34. Ng4 {[%emt 0:00:42] Rd5 zou dodelijk zijn. OK} Qf3 {[%emt 0:06:47] OK} 35. Qxf3 {[%emt 0:03:00] OK} ({Veel minder sterk is} 35. Qc4+ Kg7 36. Kh2 Rd8) 35... Rxf3 {[%emt 0:00:03][%mdl 4096] Eindspel. KRB-KRN} 36. Kg2 {[%emt 0:04:50] OK} Rc3 {[%emt 0:00:34] OK} 37. Re2 {[%emt 0:02:23] Tegen Rc2. Onnauwkeurig} Bd4 {[%emt 0:02:28] is een betere verdediging. Fout (0.6)} (37... Kf7 38. Nf6 h5) 38. Rd2 Bg7 {[%emt 0:00:44] was een poging waard. Fout (1.1)} (38... Bc5 39. Nf6+ Kf7) 39. Rd6 Rc5 40. f4 ({Weersta} 40. Rxb6 $6 Rxg5 41. Ne3 Rc5 $16) 40... Rc2+ {[%emt 0:00:33] OK} 41. Kf3 Rxa2 {[%emt 0:13:58] OK} 42. Rxb6 {[%emt 0:00:47] Beste (Gemakkelijk)} a4 {[%emt 0:05:43] OK} 43. Rb8+ Kf7 {[%emt 0:00:23] Beste} 44. Rb7+ {[%emt 0:01:50] OK} Kg8 {[%emt 0:03:12] Beste} 45. bxa4 {[%emt 0:15:09] Ra7 is de sterke dreiging. OK} Ra3+ {[%emt 0:00:11] Beste} 46. Kg2 Rxa4 {[%emt 0:00:06] OK} 47. Rb3 Kf7 48. Kf3 Ra7 {[%emt 0:00:34] Afleidend Rb7+. OK} 49. Re3 {[%emt 0:00:21] OK} Rb7 50. Re4 Rb3+ {[%emt 0:00:10] OK} {Wit zou moeten proberen} 51. Ne3 {[%emt 0:00:04] Fout (0.6)} (51. Kf2) 51... h6 $16 {[%emt 0:01:15] OK} 52. gxh6 {[%emt 0:00:05] OK} Bxh6 53. Kg4 {[%emt 0:00:08] OK} Bf8 54. Nc4 {[%emt 0:00:21] OK} Bc5 55. Ne5+ Kg7 {[%emt 0:00:06] Beste} 56. Rc4 {[%emt 0:01:46] OK} Bd6 {[%emt 0:06:13] OK} 57. Nf3 {[%emt 0:07:09] OK} Rb6 {[%emt 0:00:41] Stopt Rc6} 58. Rd4 {[%emt 0:00:34] OK} Ra6 {[%emt 0:01:10] OK} 59. Rd5 Rb6 60. Ra5 Rb7 {[%emt 0:04:53] OK} 61. Ra6 Be7 {[%emt 0:15:32] OK} 62. Ne5 {[%emt 0:02:01][%cal Ra6g6] OK} Bf6 {[%emt 0:00:08] Beste} 63. Nc4 Rd7 {[%emt 0:00:42] OK} 64. Rc6 Ra7 {[%emt 0:01:55] Onnauwkeurig} 65. Nd6 {[%emt 0:00:25] Sterke dreiging met Ne8+.} Bd8 {[%emt 0:00:51] OK} 66. Rc3 Bf6 67. Rd3 Re7 68. Kf3 Ra7 {[%emt 0:00:26] OK} 69. Ne4 Be7 {[%emt 0:00:20] OK} 70. g4 Ra3 71. Rxa3 {[%emt 0:00:11] OK} Bxa3 {Wit kan overwegen.} 72. f5 {[%emt 0:00:02] Fout (0.9)} (72. Nf2 $16) 72... gxf5 $11 {[%emt 0:00:09] OK. De stelling is in evenwicht.} 73. gxf5 Bb2 {[%emt 0:00:08] OK} 74. f6+ Bxf6 75. Nxf6 {[%emt 0:00:03] Blunder waarde: Wit=0.16 (erg precies) /Zwart=0.22 (precies) .  Fout:        	Wit=3      	Zwart=7      Onnauwkeurig:    	Wit=2      	Zwart=4      OK:         	Wit=24     	Zwart=24     Beste:        	Wit=1      	Zwart=6      Sterk:        	Wit=1      	---} 1/2-1/2

[Event "Swiss National League-A 2024"]
[Site "Luzern"]
[Date "2024.10.12"]
[Round "8.11"]
[White "Bauer, Christian"]
[Black "Kurmann, Oliver"]
[Result "1-0"]
[ECO "B33"]
[WhiteElo "2557"]
[BlackElo "2413"]
[Annotator "TA"]
[PlyCount "99"]
[EventDate "2023.10.03"]
[EventType "team-tourn"]
[EventCountry "SUI"]
[SourceTitle "playchess.com"]
[Source "ChessBase"]
[SourceQuality "1"]
[TimeControl "40/8400+30:20/3000+30:900+30"]

1. Nc3 c5 2. Nf3 Nc6 3. d4 cxd4 4. Nxd4 Nf6 5. e4 e6 6. Ndb5 d6 7. Bf4 e5 8. Bg5 a6 9. Na3 b5 10. Bxf6 gxf6 11. Nd5 f5 12. c3 Bg7 13. Bd3 Be6 14. Qh5 O-O 15. Ne3 {[%emt 0:10:18] Excellent horsemanship.} (15. exf5 $14 Bxd5 16. f6) 15... f4 $11 16. Nf5 Qf6 17. g4 h6 (17... Rfb8 {feels stronger.}) 18. Rg1 Qg5 19. O-O-O Rfd8 20. Kb1 Kf8 (20... b4 $15 21. Nc4 bxc3 22. bxc3 Bf8) 21. Qh3 $1 d5 22. Nc2 Qf6 23. Qf3 Bxf5 24. gxf5 d4 25. c4 (25. cxd4 $16 Nxd4 26. Nxd4 Rxd4 27. Bc2 Rxd1+ 28. Bxd1) 25... Rab8 $14 26. cxb5 axb5 27. Rc1 Rb7 (27... b4 $142) 28. Na3 Na7 {[%emt 0:00:02] Black is weak on the light squares} 29. Rc5 Rdb8 30. Qg4 Kg8 (30... Qg5 $142) 31. Rd5 Rb6 {[%emt 0:01:45] Prevents Rd6.} (31... Qg5 $16 32. Qxg5 hxg5) 32. Nc2 Qg5 33. Qxg5 hxg5 34. Rxg5 {[%emt 0:00:08][%cal Od5d7] aiming for Rd7!} Kf8 35. Nb4 Bf6 36. Rg1 ({Better is} 36. Rh5 $18 {Hoping for Rc5.} Kg8 37. a3) 36... Be7 $16 {[%emt 0:00:00] Dodges Rc5} 37. Rd7 Bxb4 38. Rxa7 {[%emt 0:00:01] White is much more active.} Rh6 (38... Be7 $142) 39. Bc2 ({White should try} 39. Rc1 $1) 39... Rxh2 (39... Bc5 $16 {might work better.} 40. Rd7 (40. Rc7 Bb6 $11) 40... d3) 40. Bb3 $36 {[%emt 0:00:05][%mdl 2048] Keeping Black busy.} Rh7 {[%emt 0:00:12] [#]} 41. Rc1 {[%emt 0:12:33] Inhibits Bc5.} d3 {[%emt 0:14:24] [#]} 42. a3 $1 Bd6 43. Rd7 d2 (43... Be7 $16) 44. Rd1 (44. Rxd6 $2 {perishes.} dxc1=B (44... dxc1=R+ $2 45. Kxc1 Rh1+ 46. Kd2 $19) 45. Kxc1 Rh1+ 46. Rd1 Rxd1+ 47. Kxd1 Ke7 $19) 44... Bc5 45. R1xd2 ({Less strong is} 45. R7xd2 Bd4 $16) 45... Rb6 46. Rc2 Bd4 (46... Rd6) 47. Rc8+ Kg7 48. Rxf7+ Kh6 49. Rxh7+ Kxh7 50. Rc7+ {[%emt 0:00:35] Weighted Error Value: White=0.23 (precise) /Black=0.35.  Mistake:       	White=3     	Black=9      Inaccurate:     	White=2     	Black=6      OK:         	White=12    	Black=8      Best:        	White=3     	Black=2      Strong:       	White=2     	---} 1-0

[Event "Swiss National League-A 2024"]
[Site "Luzern"]
[Date "2024.10.12"]
[Round "8.12"]
[White "Atlas, Valery"]
[Black "Fecker, Noah"]
[Result "1/2-1/2"]
[ECO "B15"]
[WhiteElo "2394"]
[BlackElo "2338"]
[Annotator "TA"]
[PlyCount "41"]
[EventDate "2023.10.03"]
[EventType "team-tourn"]
[EventCountry "SUI"]
[SourceTitle "playchess.com"]
[Source "ChessBase"]
[SourceQuality "1"]
[TimeControl "40/8400+30:20/3000+30:900+30"]

1. e4 c6 2. Nf3 d5 3. Nc3 dxe4 4. Nxe4 Nf6 5. Nxf6+ exf6 6. d4 Bd6 7. Be3 O-O 8. Qd2 Be6 9. Be2 Re8 10. O-O Na6 11. Bf4 Nc7 12. Bxd6 Qxd6 13. h3 Nd5 14. Rfe1 {[%emt 0:00:51] The position is equal.} Nf4 15. Bf1 Bd5 16. Rxe8+ Rxe8 17. Re1 Rd8 18. Nh4 Be6 {[%emt 0:02:32] Prevents Nf5.} 19. Nf3 Bd5 (19... Bxa2 $2 {perishes.} 20. b3 $18) 20. Nh4 Be6 {[%emt 0:01:24] Repels Nf5} 21. Nf3 {[%emt 0:00:11] Not much happened in this game.   Weighted Error Value: White=0.06 (flawless) /Black=0.08 (flawless) .  Inaccurate:     	White=1     	Black=1      OK:         	White=7     	Black=2} 1/2-1/2

[Event "Swiss National League-A 2024"]
[Site "Luzern"]
[Date "2024.10.12"]
[Round "8.13"]
[White "Brunner, Lucas"]
[Black "Stijve, Theo"]
[Result "1-0"]
[ECO "D36"]
[WhiteElo "2413"]
[BlackElo "2390"]
[Annotator "TA"]
[PlyCount "82"]
[EventDate "2023.10.03"]
[EventType "team-tourn"]
[EventCountry "SUI"]
[SourceTitle "playchess.com"]
[Source "ChessBase"]
[SourceQuality "1"]
[TimeControl "40/8400+30:20/3000+30:900+30"]

1. d4 d5 2. c4 e6 3. Nf3 Nf6 4. Nc3 Be7 5. Bg5 O-O 6. e3 Nbd7 7. Qc2 h6 8. Bh4 a6 9. cxd5 exd5 10. Bd3 c6 11. O-O Ne8 12. Bxe7 Qxe7 13. h3 {[%emt 0:00:11] White has an edge.} Nd6 14. b4 Nb6 15. Rfe1 Qf6 16. Ne5 Bf5 17. Bxf5 Nxf5 18. a4 Rfd8 19. b5 cxb5 $1 20. axb5 a5 21. Na4 Rdc8 22. Qd2 Nxa4 23. Rxa4 b6 24. Qa2 Qe6 25. Qb3 Nd6 26. Raa1 Ra7 27. Rac1 Rac7 (27... Rxc1 $1 $15 28. Rxc1 Nc4 (28... a4 29. Qb4 $11)) 28. Rc6 $11 f6 {[%emt 0:14:23] [#]} (28... Rxc6 $1 $11 29. bxc6 Nc4 30. Nxc4 dxc4 31. Qxb6 a4) 29. Ng6 $1 $16 {[%emt 0:00:56] White is much more active.} Rxc6 30. bxc6 {[%emt 0:00:06] aiming for Nf4.} Nc4 (30... Rxc6 $2 31. Ne7+ Qxe7 32. Qxd5+ Kh7 33. Qxc6 $18) 31. e4 {[%emt 0:00:16] Qc3 is the strong threat.} Kh7 $2 {[%emt 0:06:19] A mistake that costs the game.} ({But not} 31... Rxc6 32. Qb1 Rc7 33. exd5 $16) (31... f5 $14 32. Nf4 Qxc6 33. Nxd5 Qb7) 32. Nf4 $1 $18 Qxc6 33. exd5 Qd7 34. Qd3+ Kg8 (34... f5 {is a better defense.} 35. Re6 Nd6) 35. Ng6 {[%emt 0:00:35] [#] And now Ne7+ would win.} Nb2 $2 (35... Kf7 36. Re7+ Qxe7 37. Nxe7 Kxe7 38. Qe2+ Kf8) 36. Qe2 {[%emt 0:00:51] Black must now prevent Ne7+.} Kh7 37. Ne7 ({Weaker is} 37. Qxb2 Kxg6 38. Qb1+ Kf7 $11) 37... Re8 38. d6 ({Stronger than} 38. Qxb2 Rxe7 39. Qb1+ Kh8 $11) 38... Qxd6 39. Qc2+ {[%emt 0:00:01] White mates.} f5 40. Qxf5+ (40. Nxf5 $2 Rxe1#) 40... Kh8 41. Re6 Qd8 {[%emt 0:08:18] Weighted Error Value: White=0.06 (flawless) /Black=0.51.  Loses game:     	---       	Black=1      Mistake:       	---       	Black=4      Inaccurate:     	White=3     	---        OK:         	White=10    	Black=8      Best:        	White=2     	Black=2      Strong:       	White=1     	Black=1} 1-0

[Event "Swiss National League-A 2024"]
[Site "Luzern"]
[Date "2024.10.12"]
[Round "8.14"]
[White "Loetscher, Roland"]
[Black "Fischer, Daniel"]
[Result "0-1"]
[ECO "A29"]
[WhiteElo "2379"]
[BlackElo "2362"]
[Annotator "TA"]
[PlyCount "100"]
[EventDate "2023.10.03"]
[EventType "team-tourn"]
[EventCountry "SUI"]
[SourceTitle "playchess.com"]
[Source "ChessBase"]
[SourceQuality "1"]
[TimeControl "40/8400+30:20/3000+30:900+30"]

1. c4 e5 2. g3 Nf6 3. Bg2 d5 4. cxd5 Nxd5 5. Nf3 Nc6 6. O-O Nb6 7. Nc3 Be7 8. d3 O-O 9. a3 Re8 10. Rb1 Bf8 11. Bg5 Qd7 12. Rc1 {[%emt 0:06:33] The position is equal.} Nd4 13. Ne4 c6 14. Nc5 Bxc5 15. Rxc5 Qd6 16. Rc1 Bg4 17. Nxd4 exd4 18. Re1 Qg6 19. Qd2 {[%emt 0:18:44] [#]} Rxe2 $1 20. Rxe2 Bxe2 21. Qxe2 Qxg5 22. Re1 {[%emt 0:00:16][%cal Oe2e8] Intending Qe8+! and mate.} h6 23. h4 Qf6 24. Qe7 (24. b4 $15) 24... Qxe7 $17 25. Rxe7 {[%emt 0:01:08][%mdl 4096] Endgame. KRB-KRN} Rb8 26. b4 Kf8 27. Rc7 Ke8 {[%emt 0:07:43] ...Na8 is the strong threat.} 28. Bh3 a6 29. Kg2 Nd5 30. Rd7 {[%emt 0:00:33] [#]} Nc3 $1 31. Rxd4 Nb5 32. Rg4 Kf8 33. a4 Nc3 34. a5 Rd8 35. Rc4 Nb5 {[%emt 0:03:20] Black is more active.} (35... Rxd3 36. Bf5 (36. Bc8 Nb5 $17) 36... Rd5 37. Bc8 $18) 36. Bf5 (36. Kf3 $17 {is a better defense.}) 36... g6 $19 37. Be4 f5 38. Bxc6 (38. Bf3 $142) 38... bxc6 39. Rxc6 {[%emt 0:00:04] [#] KRN-KR} Rd6 $1 ({Not} 39... Rxd3 40. Rxa6 (40. Rxg6 $2 Rd6 $17) 40... Kf7 41. Rb6 $15) 40. Rc8+ Kg7 41. Ra8 Kf6 ({Weaker is} 41... Rxd3 42. Rxa6 Rd4 43. h5 gxh5 44. Rb6 Rxb4 45. Rb7+ Kg6 46. a6 $11) 42. Kf1 Nd4 (42... Rxd3 43. Rxa6+ Nd6 44. b5 $11) 43. Rf8+ Ke7 44. Rb8 h5 45. f4 $2 (45. Ke1) 45... Nb3 46. b5 Nxa5 {[%emt 0:01:37] And now ...axb5 would win.} 47. bxa6 (47. Ra8 Kd7 (47... Rxd3 48. Ra7+ Kd6 49. Rxa6+ Kc5 50. Rxa5 $11) 48. Ke2) 47... Rxa6 {[%emt 0:00:08] Black is clearly winning.} 48. Kf2 Re6 49. Rb4 Nc6 50. Ra4 Kd6 {[%emt 0:00:37] Weighted Error Value: White=0.29 (precise) /Black=0.09 (flawless) .  Mistake:       	White=5     	---        Inaccurate:     	White=1     	Black=1      OK:         	White=12    	Black=17     Best:        	White=3     	Black=2      Strong:       	---       	Black=2} 0-1

[Event "Swiss National League-A 2024"]
[Site "Luzern"]
[Date "2024.10.12"]
[Round "8.15"]
[White "Gruenenwald, Joerg"]
[Black "Gaehwiler, Gabriel"]
[Result "1/2-1/2"]
[ECO "E02"]
[WhiteElo "2288"]
[BlackElo "2396"]
[Annotator "TA"]
[PlyCount "30"]
[EventDate "2023.10.03"]
[EventType "team-tourn"]
[EventCountry "SUI"]
[SourceTitle "playchess.com"]
[Source "ChessBase"]
[SourceQuality "1"]
[TimeControl "40/8400+30:20/3000+30:900+30"]

1. d4 Nf6 2. c4 e6 3. Nf3 d5 4. g3 dxc4 5. Qa4+ Nbd7 6. Bg2 a6 7. Nc3 Rb8 8. Qxc4 b5 9. Qd3 Bb7 10. O-O b4 11. Na4 Be4 12. Qc4 (12. Qxa6 $2 {geht unter.} Ra8 13. Qb5 c6 $19) 12... Bd5 13. Qd3 (13. Qxa6 $2 Ra8 14. Qb5 c6 $19) 13... Be4 14. Qc4 (14. Qxa6 $2 {ist das falsche Schlagen.} Ra8 15. Qb5 c6 $19) 14... Bd5 $1 15. Qd3 (15. Qxa6 $2 Ra8 16. Qb5 c6 $19) 15... Ba8 {[%emt 0:00:54] Gewichteter Fehlerwert: Weiß=0.19 (sehr präzise) /Schwarz=0.05 (makellos) .  Fehler:       	---       	Schwarz=1     Ungenau:       	Weiß=1     	---        OK:         	Weiß=1     	Schwarz=3     Stark:        	---       	Schwarz=1} (15... Be4 $11 {bleibt in der Remisbreite.} 16. Qd1 (16. Qxa6 $2 {zu gefräßig.} Ra8 $19) 16... Be7) 1/2-1/2

[Event "Swiss National League-A 2024"]
[Site "Luzern"]
[Date "2024.10.12"]
[Round "8.16"]
[White "Hakimifard, Ghazal"]
[Black "Vogt, Lothar"]
[Result "1/2-1/2"]
[ECO "B81"]
[WhiteElo "2183"]
[BlackElo "2257"]
[Annotator "RC"]
[PlyCount "65"]
[EventDate "2023.10.03"]
[EventType "team-tourn"]
[EventCountry "SUI"]
[SourceTitle "playchess.com"]
[Source "ChessBase"]
[SourceQuality "1"]
[TimeControl "40/8400+30:20/3000+30:900+30"]

1. e4 c5 2. Nf3 e6 3. d4 cxd4 4. Nxd4 Nf6 5. Nc3 d6 6. g4 h6 7. Bg2 Nc6 8. Nb3 Bd7 9. Qe2 a6 10. f4 Qc7 11. Be3 b5 12. O-O-O Rc8 13. Kb1 Be7 14. h4 h5 15. gxh5 Nxh5 16. Qf2 Rb8 17. Rhe1 Bf6 18. e5 dxe5 19. Nc5 Bc8 20. fxe5 Nxe5 21. N3e4 Ng4 22. Nxf6+ gxf6 23. Qd2 Nxe3 24. Rxe3 Ke7 25. Qb4 a5 26. Nxe6+ axb4 27. Nxc7+ Be6 28. Nd5+ Kf8 29. Nxb4 Nf4 30. Bf3 Rxh4 31. Na6 Rb6 32. Nc7 Rh3 33. Ra3 1/2-1/2

[Event "Swiss National League-A 2024"]
[Site "Luzern"]
[Date "2024.10.12"]
[Round "8.17"]
[White "Aranovitch, Emiliano"]
[Black "Stojanovic, Mihajlo"]
[Result "1/2-1/2"]
[ECO "C10"]
[WhiteElo "2318"]
[BlackElo "2424"]
[Annotator "TA"]
[PlyCount "51"]
[EventDate "2023.10.03"]
[EventType "team-tourn"]
[EventCountry "SUI"]
[SourceTitle "playchess.com"]
[Source "ChessBase"]
[SourceQuality "1"]
[TimeControl "40/8400+30:20/3000+30:900+30"]

1. e4 e6 2. d4 d5 3. Nc3 Nf6 4. Bg5 dxe4 5. Nxe4 Nbd7 6. Nf3 h6 7. Nxf6+ Nxf6 8. Be3 (8. Bh4 $14) 8... Bd6 $11 {[%emt 0:06:34] C10: Frans met 3 Pc3: Ongebruikelijke Zwart 3e zetten en 3...dxe4.} 9. Bd3 {[%emt 0:03:15] OK} Nd5 10. Bd2 {[%emt 0:00:24] OK} {Zwart zou moeten spelen} Nf4 {[%emt 0:07:38] Fout (0.6)} (10... b6 $14) 11. Bxf4 $16 {[%emt 0:01:45] Beste (Gemakkelijk)} Bxf4 {Optimal for White is to attempt...} 12. g3 {[%emt 0:00:31] Fout (0.6)} (12. Qe2 $16) 12... Bd6 $14 {[%emt 0:00:10] OK} 13. Qe2 Qe7 14. O-O-O Bd7 {[%emt 0:00:33] OK} 15. Ne5 $146 ({Predecessor:} 15. Be4 O-O-O 16. Rhe1 Kb8 17. c3 Qe8 18. Bc2 Ba4 19. b3 Bc6 20. Ne5 Bxe5 21. Qxe5 {1-0 Maze,S (2536)-Rapport,J (2335) Gibraltar Masters 12th 2014 (5)}) 15... O-O-O {[%emt 0:00:16] Onnauwkeurig} 16. Nxd7 {[%emt 0:05:07] Onnauwkeurig} Rxd7 {[%emt 0:00:44] Zwart is zwak op de lichte velden} 17. c3 {[%emt 0:01:24] OK} Kb8 18. h4 h5 19. Kb1 g6 20. Bc2 {[%emt 0:06:20] OK} Rhd8 21. Rhe1 c6 22. f4 Bc7 23. Bb3 Qf6 24. Bc2 Qe7 {[%emt 0:00:06] Onnauwkeurig} 25. Bb3 {[%emt 0:00:07] Onnauwkeurig} Qf6 26. Bc2 {[%emt 0:00:09] Blunder waarde: Wit=0.15 (erg precies) /Zwart=0.12 (erg precies) .  Fout:        	Wit=1      	Zwart=1      Onnauwkeurig:    	Wit=2      	Zwart=2      OK:         	Wit=4      	Zwart=2      Beste:        	Wit=1      	---} 1/2-1/2

[Event "Swiss National League-A 2024"]
[Site "Luzern"]
[Date "2024.10.12"]
[Round "8.18"]
[White "Bogner, Sebastian"]
[Black "Patuzzo, Fabrizio"]
[Result "1-0"]
[ECO "B12"]
[WhiteElo "2539"]
[BlackElo "2281"]
[Annotator "TA"]
[PlyCount "57"]
[EventDate "2023.10.03"]
[EventType "team-tourn"]
[EventCountry "SUI"]
[SourceTitle "playchess.com"]
[Source "ChessBase"]
[SourceQuality "1"]
[TimeControl "40/8400+30:20/3000+30:900+30"]

1. e4 c6 2. d4 d5 3. e5 Bf5 4. Nf3 e6 5. Be2 Be7 6. O-O Nd7 7. a4 h5 8. a5 a6 9. Nbd2 {[%emt 0:03:45] White is slightly better.} g5 10. Ne1 Nh6 (10... c5 $11) 11. c3 (11. Bxh5 $16 {Black should prevent g4.} g4 12. Nb3) 11... Qc7 $11 12. b4 f6 13. Bxh5+ Nf7 14. g4 fxe5 {[%emt 0:11:19] Black is on the road to losing.} (14... Bh7 $16 {was worth a try.}) 15. gxf5 $18 O-O-O $2 (15... exf5 16. Bxf7+ Kxf7) 16. fxe6 {[%emt 0:17:02] White is clearly winning.} Nf6 17. Bxf7 e4 {[%emt 0:01:17][%csl Gh8][%cal Rc7h2] [#] Dodges Ndf3} 18. f4 $1 Rh3 {[%emt 0:04:14] [#]} (18... Rh7 19. Ndf3) 19. Ndf3 $1 Rdh8 {[%emt 0:05:52] [#]} (19... exf3 20. Rxf3) 20. Ra2 $1 exf3 21. Rxf3 (21. fxg5 $2 {loses.} Rg3+ 22. Ng2 (22. hxg3 $2 {perishes.} Qxg3+ $19) 22... Rxg5 23. Qxf3 (23. Bxg5 $2 {too greedy.} Qxh2+ 24. Kf2 fxg2 $19) 23... Qxh2+ 24. Kf2 Rg3 $19) 21... Ne4 22. Rg2 {[%emt 0:04:09] Threatens to win with Rxh3.} Nxc3 23. Qd3 Rxf3 24. Nxf3 Bxb4 25. fxg5 Qxa5 26. g6 {[%emt 0:00:51] Hoping for g7.} Qa1 27. Qf1 Bf8 {[%emt 0:00:31] [#]} 28. e7 $1 Bxe7 (28... Bg7 29. Be6+) 29. Be6+ {[%emt 0:00:03] Weighted Error Value: White=0.38/Black=0.56.  Mistake:       	White=1     	Black=3      OK:         	White=5     	Black=2      Best:        	White=1     	---} 1-0

[Event "Swiss National League-A 2024"]
[Site "Luzern"]
[Date "2024.10.12"]
[Round "8.19"]
[White "Mantovani, Renzo"]
[Black "Maier, Christian"]
[Result "1/2-1/2"]
[ECO "A21"]
[WhiteElo "2198"]
[BlackElo "2228"]
[Annotator "RC"]
[PlyCount "117"]
[EventDate "2023.10.03"]
[EventType "team-tourn"]
[EventCountry "SUI"]
[SourceTitle "playchess.com"]
[Source "ChessBase"]
[SourceQuality "1"]
[TimeControl "40/8400+30:20/3000+30:900+30"]

1. c4 e5 2. Nc3 Bb4 3. d3 Bxc3+ 4. bxc3 d6 5. g3 Nd7 6. Bg2 Ne7 7. Rb1 O-O 8. f4 exf4 9. Bxf4 Ng6 10. Qd2 Nxf4 11. Qxf4 Re8 12. Nf3 Nc5 13. O-O Ne6 14. Qd2 Rb8 15. Nd4 Nxd4 16. cxd4 Qe7 17. Bd5 Rf8 18. Rf4 b6 19. Rbf1 Be6 20. Qe3 Rbe8 21. Qf3 Bxd5 22. Qxd5 Qe6 23. Qxe6 Rxe6 24. e4 g6 25. d5 Re7 26. a4 Kg7 27. g4 h6 28. Kf2 Re5 29. h4 g5 30. Rf3 gxh4 31. Rh3 Rg5 32. Rxh4 Re8 33. Rfh1 Rg6 34. Kf3 Re5 35. a5 Reg5 36. axb6 axb6 37. Ra1 Re5 38. Ra7 Re7 39. Ra8 Rg5 40. Rc8 Rg6 41. Rh5 Rf6+ 42. Rf5 Rg6 43. Kf4 f6 44. Rh5 Kh7 45. Rh4 Rg5 46. Ke3 Rgg7 47. Kd4 Kg6 48. Kc3 Rh7 49. Rh5 Re5 50. Rh4 Kg5 51. Rh1 Kxg4 52. Rg8+ Rg5 53. Rf8 h5 54. Rxf6 h4 55. Rff1 h3 56. Rfg1+ Kf4 57. Rf1+ Kg4 58. Rfg1+ Kf4 59. Rf1+ 1/2-1/2

[Event "Swiss National League-A 2024"]
[Site "Luzern"]
[Date "2024.10.12"]
[Round "8.20"]
[White "Martins, David Pires Tavares"]
[Black "Sedina, Elena"]
[Result "0-1"]
[ECO "A07"]
[WhiteElo "2410"]
[BlackElo "2192"]
[Annotator "RC"]
[PlyCount "94"]
[EventDate "2023.10.03"]
[EventType "team-tourn"]
[EventCountry "SUI"]
[SourceTitle "playchess.com"]
[Source "ChessBase"]
[SourceQuality "1"]
[TimeControl "40/8400+30:20/3000+30:900+30"]

1. Nf3 d5 2. g3 Bg4 3. Bg2 c6 4. O-O e6 5. d4 Nd7 6. h3 Bh5 7. Bf4 Ngf6 8. Nbd2 Be7 9. g4 Bg6 10. Nh4 Qb6 11. Nxg6 hxg6 12. Nb3 Ne4 13. Qc1 a5 14. e3 Ng5 15. Bxg5 Bxg5 16. c4 a4 17. Nd2 Be7 18. Qc2 O-O 19. Rac1 Rfe8 20. Rfd1 Bb4 21. Nf3 Qd8 22. e4 dxe4 23. Qxe4 Qe7 24. Qe2 Bd6 25. Qd2 Qf6 26. Rc2 Qd8 27. Qd3 Qa5 28. Re2 Rad8 29. Qc3 Bb4 30. Qe3 Qa7 31. Ng5 Nf6 32. Ne4 Nxe4 33. Bxe4 Re7 34. a3 Ba5 35. c5 b6 36. Rc1 Red7 37. cxb6 Bxb6 38. Bxc6 Rxd4 39. Qf3 Rd3 40. Qf4 R8d4 41. Re4 Bc7 42. Qg5 Rg3+ 43. Kf1 Rxe4 44. Bxe4 Qa6+ 45. Ke1 Ba5+ 46. Kd1 Rg1+ 47. Kc2 Qc4+ 0-1